 Dungeon Crawl Stone Soup version 0.30-a0-242-g7bf8e6d787 (webtiles) character file.

Game seed: 6687127819290722562

1076 Anon1729 the Chopper (level 8, 0/73 HPs)
             Began as a Minotaur Monk on Oct 11, 2022.
             Was a Believer of Ru.
             Slain by an orc wizard
             ... wielding a +0 dagger
              (3 damage)
             ... on level 4 of the Dungeon.
             The game lasted 00:04:40 (4459 turns).

Anon1729 the Chopper (Minotaur Monk)                Turns: 4459, Time: 00:04:40

Health: 0/73       AC:  7    Str: 17    XL:     8   Next: 8%
Magic:  7/7        EV: 12    Int:  7    God:    Ru [**....]
Gold:   26         SH:  0    Dex: 14    Spells: 7/7 levels left

rFire   . . .      SeeInvis .    j - +1 war axe (flame)
rCold   . . .      Faith    .    (no shield)
rNeg    . . .      Spirit   .    r - +0 ring mail
rPois   .          Reflect  .    (helmet restricted)
rElec   .          Harm     .    i - +0 cloak
rCorr   .          Rampage  .    (no gloves)
Will    .....                    (no boots)
Stlth   +.........               (no amulet)
HPRegen 0.32/turn                (no ring)
MPRegen 0.10/turn                (no ring)

@: no status effects
A: horns 2, hated by all, missing an eye, retaliatory headbutt
a: Renounce Religion


You were on level 4 of the Dungeon.
You worshipped Ru.
Ru was pleased with you.
You visited 1 branch of the dungeon, and saw 4 of its levels.
You also visited: Sewer.

You collected 221 gold pieces.
You spent 195 gold pieces at shops.

Inventory:

Hand Weapons
 a - a +0 hand axe
 c - a +2 hammer of venom
 j - a +1 war axe of flaming (weapon)
 x - the +5 dagger "Orb Guardian's Death" {chaos, rCorr Int+4}
   (You found it on level 4 of the Dungeon)

   Each time it hits an enemy it has a different, random effect.
   Int:       It affects your intelligence (+4).
   rCorr:     It protects you from acid and corrosion.
Missiles
 h - a throwing net (quivered)
Armour
 b - a +0 robe
 i - a +0 cloak (worn)
 r - a +0 ring mail (worn)
Jewellery
 m - an amulet of regeneration
Wands
 k - a wand of polymorph (3)
Scrolls
 d - a scroll of immolation {unknown}
 e - 3 scrolls of butterflies {unknown}
 f - 2 scrolls of teleportation {unknown}
 g - 6 scrolls of identify {unknown}
 s - a scroll of enchant armour {unknown}
 t - a scroll of magic mapping {unknown}
 w - a scroll of summoning {unknown}
Potions
 l - 2 potions of heal wounds
 n - a potion of flight {unknown}
 o - a potion of degeneration
 p - a potion of might
 q - a potion of berserk rage
 u - a potion of lignification {unknown}
 v - a potion of cancellation {unknown}
 z - a potion of brilliance {unknown}


   Skills:
 + Level 7.4 Fighting
 + Level 7.5 Axes
 + Level 6.3 Armour
 - Level 3.2 Dodging
 - Level 1.5 Stealth


You had 7 spell levels left.
You didn't know any spells.
Your spell library contained the following spells:

 Spells                   Type           Power      Damage    Failure   Level
 Foxfire                  Conj/Fire      0%         2x1d4     61%         1
 Freeze                   Ice            0%         1d3       61%         1
 Frozen Ramparts          Ice            0%         1d1       93%         3
 Gell's Gravitas          Tloc           0%         N/A       93%         3
 Hailstorm                Conj/Ice       0%         3d3       93%         3
 Lesser Beckoning         Tloc           0%         N/A       93%         3
 Teleport Other           Tloc           0%         N/A       93%         3
 Fireball                 Conj/Fire      0%         3d3       100%        5
 Conjure Ball Lightning   Conj/Air       0%         3x3d6     100%        6
 Starburst                Conj/Fire      0%         6d3       100%        6
 Animate Armour           Summ/Erth      Unusable   N/A       N/A         4

Dungeon Overview and Level Annotations

Branches:
Dungeon (4/15)              Sewer (visited)
 Temple: D:4-7

Altars:
Ru

Shops:
D:3 !


Innate Abilities, Weirdness & Mutations

You have a pair of horns on your head.
You are hated by all.
You are missing an eye, making it more difficult to aim.
You reflexively headbutt those who attack you in melee.


Message History

You are too confused!
You are too confused!
You are too confused!
You are too confused!
You are too confused!
You are too confused!
You are too confused!
You are too confused!
You are too confused!
You are too confused!
You are too confused!
You are too confused!
You are too confused!
You are too confused!
You are too confused!
The orc warrior attacks as you move away!
The orc warrior is stunned by your conviction and fails to attack.
Found 10 gold pieces.
Something hits you.
Items here: ( )) [ †.
You bump into the rock wall.
The orc warrior hits you with a +0 battleaxe!
Something hits you but does no damage.
You're too confused to move!
The orc warrior closely misses you. Something barely misses you.
You bump into the rock wall.
The orc warrior hits you with a +0 battleaxe!
Something hits you but does no damage.
You closely miss something. You barely miss the orc warrior.
The orc warrior hits you with a +0 battleaxe!
* * * LOW HITPOINT WARNING * * *
Something hits you.
* * * LOW HITPOINT WARNING * * *
You focus your inner power and illuminate something in retribution!
The orc warrior misses you.
You're too confused to move!
You feel less confused.
The orc warrior hits you with a +0 battleaxe!
* * * LOW HITPOINT WARNING * * *
The orc wizard hits you with a +0 dagger.
You die...

#.# #.# #.#
#.######
#......# # $
#.####.# #
... ######.#
#
....#o8)##.#
#
.)..'ooo@'.#
##
....#.8o####
.#### .
#####
....###
.##.[.###
.####.#.# .#
#.#.# .#
#...# ##
#...#


You could see an orc warrior, an orc wizard (invisible, corona) and 3 orcs.

Vanquished Creatures
  Sigmund (D:4)
  A black bear (D:4)
  An ogre (D:4)
  Blork the orc (D:4)
  4 kobold brigands (Sewer)
  Crazy Yiuf (D:2)
  4 orc wizards
  10 adders
  5 river rats (Sewer)
  6 worms
  4 dart slugs
  11 orcs (D:4)
  9 ball pythons
  6 bats
  8 endoplasms
  6 giant cockroaches
  11 goblins
  4 hobgoblins
  5 jackals
  2 quokkas
  2 frilled lizards (D:3)
  15 kobolds
  7 rats
124 creatures vanquished.

Notes
Turn   | Place    | Note
-------+----------+-------------------------------------------
     0 | D:1      | Anon1729 the Minotaur Monk began the quest for the Orb.
     0 | D:1      | Reached XP level 1. HP: 19/19 MP: 0/0
    46 | D:1      | Reached skill level 1 in Armour
    46 | D:1      | Reached XP level 2. HP: 8/27 MP: 1/1
   798 | D:2      | Reached XP level 3. HP: 33/33 MP: 2/2
  1342 | D:2      | Found a runed translucent door.
  1343 | D:2      | Noticed Crazy Yiuf
  1564 | D:2      | Killed Crazy Yiuf
  1564 | D:2      | HP: 1/34 [poisoned by Crazy Yiuf]
  1565 | D:2      | Reached XP level 4. HP: 1/41 MP: 3/3
  1841 | D:3      | Got the Papyrus of Summoned Vapour
  1916 | D:3      | Found a sacrificial altar of Ru.
  1929 | D:3      | Reached skill level 5 in Axes
  1929 | D:3      | Became a worshipper of Ru the Awakened
  1935 | D:3      | Gained mutation: You are missing an eye, making it more
                  | difficult to aim. [Ru sacrifice]
  1935 | D:3      | Reached * piety under Ru
  1997 | D:3      | Reached XP level 5. HP: 47/47 MP: 4/4
  2179 | D:3      | Reached skill level 5 in Fighting
  2337 | D:3      | Found a faded altar of an unknown god.
  2347 | D:3      | Found Hoeniwn's Distillery.
  2368 | D:3      | Bought a potion of degeneration for 13 gold pieces
  2368 | D:3      | Bought a potion of heal wounds for 65 gold pieces
  2368 | D:3      | Bought a potion of might for 52 gold pieces
  2368 | D:3      | Bought a potion of berserk rage for 65 gold pieces
  2847 | D:4      | Noticed Sigmund
  2855 | D:4      | Killed Sigmund
  2856 | D:4      | Reached XP level 6. HP: 55/57 MP: 5/5
  2878 | D:4      | Noticed Blork the orc
  3155 | D:4      | Killed Blork the orc
  3156 | D:4      | Reached XP level 7. HP: 54/63 MP: 6/6
  3171 | D:4      | Reached skill level 5 in Armour
  3185 | D:4      | Found a glowing drain.
  3204 | Sewer    | Entered a sewer
  3941 | D:4      | Identified the +5 dagger "Orb Guardian's Death" {chaos,
                  | rCorr Int+4}
  4068 | D:4      | Reached XP level 8. HP: 73/73 MP: 7/7
  4444 | D:4      | Gained mutation: You are hated by all. [Ru sacrifice]
  4444 | D:4      | Reached ** piety under Ru
  4459 | D:4      | HP: 3/73 [orc warrior/+0 battleaxe (17)]
  4459 | D:4      | Slain by an orc wizard

Illustrated notes

Levels and vault maps discovered:
D:1:      dpeg_arrival_leaves_temple_mockup, layout_basic
D:2:      minmay_angry_zag, layout_loops_ring, kennysheep_nub,
          grunt_decor_resistance, grunt_decor_fettered, uniq_crazy_yiuf_cottage
D:3:      layout_loops_corners, nicolae_ru_great_annihilating_truth,
          serial_shops, nicolae_diamond_shop, dreamdust_ecumenical_altar_grove,
          grunt_ministairs_5, minmay_starry_boxes
D:4:      layout_basic, portal_sewer_entry_d, minivault_19,
          pf_guarded_unrand_delatra, uniq_sigmund, uniq_blork_the_orc

Skill      XL: |  1  2  3  4  5  6  7 |
---------------+----------------------+-----
Armour         | 1 2 3 4 6 |  6.3
Axes           | 4 5 6 7 |  7.5
Fighting       | 4 5 6 7 |  7.4
Dodging        | |  3.2
Stealth        | |  1.5

Action                   |  1- 3 |  4- 6 |  7- 9 || total
-------------------------+-------+-------+-------++-------
Melee: Hand axe          |    69 |       |       ||    69
       Headbutt          |    13 |     3 |    19 ||    35
       War axe           |    13 |    98 |   150 ||   261
       Punch             |       |     1 |     2 ||     3
Throw: Throwing net      |     1 |       |       ||     1
Invok: Sacrifice an Eye  |       |     1 |       ||     1
       Sacrifice Love    |       |       |     1 ||     1
  Use: Potion            |     1 |     1 |       ||     2
 Stab: Sleeping          |     7 |     3 |       ||    10
Armor: Robe              |    13 |    19 |       ||    32
       Ring mail         |       |    21 |    48 ||    69
Dodge: Dodged            |    62 |    68 |    92 ||   222

Table legend: (Time is in decaauts)
 A = Elapsed time spent in this place.
 B = Non-inter-level travel time spent in this place.
 C = Inter-level travel time spent in this place.
 D = Time resting spent in this place.
 E = Time spent auto-exploring this place.
 F = Levels seen in this place.
 G = Mean time per level.
                   A        B        C        D        E       F      G
               +--------+--------+--------+--------+--------+-----+--------+
         Total |   4677 |   4560 |    117 |    296 |   3384 |   5 |  935.4 |
       Dungeon |   3819 |   3702 |    117 |    296 |   2756 |   4 |  954.8 |
         Sewer |    857 |    857 |      0 |      0 |    628 |   1 |  857.0 |
               +--------+--------+--------+--------+--------+-----+--------+

Top non-repeatable levels by time:
     D:3: 1279 daAuts
     D:2: 994 daAuts
   Sewer: 857 daAuts
     D:4: 831 daAuts
     D:1: 714 daAuts
